Map: Champ de stase EC

Players

DedMoped

  • Race: Zerg Zerg
  • League: Silver
  • Spawn Location: 1:00

zidar - Winner!

  • Race: Zerg Zerg
  • League: Silver
  • Spawn Location: 11:00

VOD

Have the link to the VOD?

Description

Time

  • Played on: Dec. 28, 2018, 2:10 p.m.
  • Length: 4:11
Show
View Real Time Build Order
Export as new Build Order

DedMoped Zerg 

Build Orders: Pool First 

Get SALT Encoding   

  12  0:02  Drone  
  13  0:16  Drone  
  14  0:26  Overlord  
  14  0:48  Spawning Pool  
  13  1:01  Drone x2  
  13  1:02  Drone  
  16  1:25  Hatchery  
  15  1:36  Zergling x6  
  18  2:03  Queen  
  18  2:07  Drone x2  
  22  2:10  Overlord  
  22  2:16  Extractor  
  15  3:07  Queen  
  15  3:10  Zergling x8  
  15  3:11  Zergling x4  
Show
View Real Time Build Order
Export as new Build Order

zidar Zerg - Winner!

Build Orders: Pool First 

Get SALT Encoding   

  12  0:01  Drone  
  13  0:13  Overlord  
  13  0:18  Drone  
  14  0:31  Drone x2  
  16  0:47  Spawning Pool  
  16  0:48  Drone  
  16  0:53  Extractor  
  16  0:54  Drone  
  16  0:57  Drone  
  17  1:14  Overlord  
  17  1:31  Hatchery  
  16  1:40  Queen  
  16  1:46  Zergling x2  
  19  1:55  Drone  
  19  1:59  Metabolic Boost  
  20  2:02  Drone  
  21  2:11  Zergling x2  
  22  2:20  Zergling x2  
  20  2:46  Zergling x6  
  20  2:50  Queen  
  25  2:57  Zergling x2  
  25  2:58  Zergling x8  
  30  3:10  Baneling Nest, Drone  
  30  3:30  Drone  
  30  3:31  Drone x5  
  36  3:34  Overlord  
Tags
 
Add a new tag
Caveats
  • Supply blocks, unpowered buildings, or Contaminate may cause inaccurate times.
  • Supply counts are checked every 10 seconds.